 Dungeon Crawl Stone Soup version 0.22.1-1-ga44c0e5 (webtiles) character file.

40 aMcNicky the Cudgeler (level 3, -2/32 HPs)
             Began as a Naga Warper on Oct 3, 2018.
             Slain by Natasha (7 damage)
             ... on level 2 of the Dungeon.
             The game lasted 00:04:50 (2201 turns).

aMcNicky the Cudgeler (Naga Warper)                 Turns: 2201, Time: 00:04:51

Health: -2/32      AC:  2    Str: 14    XL:     3   Next: 50%
Magic:  0/6        EV:  9    Int: 13    God:
Gold:   34         SH:  0    Dex: 10    Spells: 6/6 levels left

rFire    . . .     SeeInvis +   a - +0 mace
rCold    . . .     Gourm    .   (no shield)
rNeg     . . .     Faith    .   b - +0 leather armour
rPois    +         Spirit   +   (no helmet)
rElec    .         Reflect  .   (no cloak)
rCorr    .         Harm     .   (no gloves)
MR       .....                  (no barding)
Stlth    +.........             h - amulet of guardian spirit
HPRegen  0.10/turn              (no ring)
MPRegen  0.10/turn              (no ring)

@: hasted, quick
A: large, see invisible, deformed body, poison resistance, slowness 2, slow
metabolism 1, spit poison 1, AC +1
a: Spit Poison


You were on level 2 of the Dungeon.
You were not hungry.

You visited 1 branch of the dungeon, and saw 2 of its levels.

You collected 34 gold pieces.

Inventory:

Hand Weapons
 a - a +0 mace (weapon)
Missiles
 e - 5 tomahawks of dispersal (quivered)
Armour
 b - a +0 leather armour (worn)
Jewellery
 h - an amulet of guardian spirit (around neck)
Scrolls
 c - a scroll of enchant weapon {unknown}
 d - 2 scrolls of blinking
 i - a scroll of random uselessness {unknown}
Potions
 g - a potion of haste
Comestibles
 f - 2 rations
 j - 2 chunks of flesh


   Skills:
 - Level 2.0 Fighting
 + Level 3.8 Maces & Flails
 - Level 0.8 Throwing
 - Level 0.7 Armour
 - Level 1.5 Dodging
 - Level 2.0 Spellcasting
   Level 3.0 Translocations


You had 6 spell levels left.
You didn't know any spells.
Your spell library contained the following spells:

 Spells                   Type           Power        Failure   Level  Hunger
 Blink                    Tloc           N/A          14%         2    ###....
 Shroud of Golubria       Chrm/Tloc      #.........   26%         2    ###....
 Gell's Gravitas          Tloc           #.........   28%         3    ####...
 Lesser Beckoning         Tloc           #.........   28%         3    ####...
 Teleport Other           Tloc           #.......     28%         3    ####...
 Passage of Golubria      Tloc           N/A          67%         4    #####..


Dungeon Overview and Level Annotations

Branches:
Dungeon (2/15)

Altars:

Annotations:
D:2 Natasha


Innate Abilities, Weirdness & Mutations

You cannot wear boots.
Your serpentine skin is tough. (AC +1)
You have supernaturally acute eyesight. (SInv)
Armour fits poorly on your strangely shaped body.
Your system is resistant to poisons. (rPois)
You cover ground very slowly.
You have a slow metabolism.
You can spit poison.


Message History

* * * LOW HITPOINT WARNING * * *
You barely miss the shadow imp.
The ball python constricts something.
The ball python bites something but does no damage.
The ball python constricts something.
Natasha barely misses you. The shadow imp completely misses you.
The ball python bites something. x2
The ball python constricts something.
You closely miss Natasha.
Natasha is lightly wounded.
You feel yourself speed up. Natasha claws you.
* * * LOW HITPOINT WARNING * * *
The ball python bites something.
The shadow imp barely misses you.
You thump Natasha!
Natasha is heavily wounded.
Natasha claws you but does no damage.
The shadow imp hits you but does no damage.
You closely miss Natasha.
Natasha is heavily wounded.
Natasha claws you!
You die...

##...## ##'##
#.# #.#
######.##
.........##
.####.....#
##...#######
##....5@hS#
########SSS..#
#####


You could see Natasha, an adder, a shadow imp and 3 ball pythons.

Vanquished Creatures
  An ooze (D:1)
  2 dart slugs (D:1)
  5 bats
  6 goblins (D:1)
  5 hobgoblins
  A frilled lizard (D:2)
  5 kobolds (D:1)
  4 rats (D:1)
29 creatures vanquished.

Vanquished Creatures (others)
  A fungus (D:2)
1 creature vanquished.

Grand Total: 30 creatures vanquished

Notes
Turn   | Place    | Note
-------+----------+-------------------------------------------
     0 | D:1      | aMcNicky the Naga Warper began the quest for the Orb.
     0 | D:1      | Reached XP level 1. HP: 19/19 MP: 3/3
   256 | D:1      | Reached XP level 2. HP: 26/26 MP: 5/5
  1143 | D:1      | Reached XP level 3. HP: 30/32 MP: 4/6
  2186 | D:2      | Noticed Natasha
  2201 | D:2      | Slain by Natasha

Skill      XL: |  1  2 |
---------------+-------+-----
Maces & Flails | 3 |  3.8
Fighting       | |  2.0
Throwing       | |  0.8
Armour         | |  0.7
Dodging        | |  1.5
Spellcasting   | |  2.0
Translocations | |  3.0

Action                   || total
-------------------------++-------
Melee: Mace              ||   109
 Abil: Spit Poison       ||     1
  Use: Potion            ||     1
  Eat: Ration            ||     1
       Chunk             ||     1
Armor: Leather armour    ||    30
Dodge: Dodged            ||    56
